 Dungeon Crawl Stone Soup version 0.30.1-3-gfc49f6343a (webtiles) character file.

Game seed: 11915363024357712994

9042 spardeous the Fighter (level 10, 0/88 (91) HPs)
             Began as a Demigod Earth Elementalist on July 21, 2023.
             Killed by divine providence
             ... invoked by an orc priest
              (12 damage)
             ... on level 10 of the Dungeon.
             The game lasted 00:17:21 (10438 turns).

spardeous the Fighter (Demigod Earth Elementalist) Turns: 10438, Time: 00:17:22

HP:   0/88 (91)     AC:  8    Str: 13    XL:     10   Next: 97%
MP:   2/23          EV: 16    Int: 25    God:
Gold: 478           SH:  0    Dex:  9    Spells: 17/21 levels left

rFire   . . .        g - +9 mace "Toblaeb" {freeze, rPois rN+ Dex-5}
rCold   . . .        (no shield)
rNeg    + . .        c - +0 leather armour
rPois   +            O - +2 hat
rElec   .            (no cloak)
rCorr   .            m - +0 pair of gloves
SInv    +            v - +0 pair of boots
Will    +....        Q - amulet of the acrobat
Stlth   +            h - +5 ring of evasion
HPRegen 0.34/turn    E - ring of see invisible
MPRegen 0.18/turn

%: acrobat
@: lightly drained
A: high MP 1, forlorn, divine attributes
a: no special abilities


You were on level 10 of the Dungeon.
You visited 1 branch of the dungeon, and saw 10 of its levels.
You also visited: Ossuary.

You collected 478 gold pieces.

Inventory:

Hand Weapons
 g - the +9 mace "Toblaeb" (weapon) {freeze, rPois rN+ Dex-5}
   (You found it on level 2 of the Dungeon)

   Dex:       It affects your dexterity (-5).
   rPois:     It protects you from poison.
   rN:        It protects you from negative energy.
 w - the +5 dagger "Beast's Peril" {venom, Str+2 Int+3 SInv Stlth-}
   (You found it on level 4 of the Dungeon)

   Str:       It affects your strength (+2).
   Int:       It affects your intelligence (+3).
   SInv:      It lets you see invisible.
   Stlth:     It makes you less stealthy.
Missiles
 L - a throwing net
Armour
 a - a +0 robe
 c - a +0 leather armour (worn)
 m - a +0 pair of gloves (worn)
 v - a +0 pair of boots (worn)
 G - the +2 ring mail of Waimmedd {rElec Str-4 SInv}
   (You found it on level 6 of the Dungeon)

   Str:       It affects your strength (-4).
   rElec:     It insulates you from electricity.
   SInv:      It lets you see invisible.
 O - a +2 hat (worn)
Jewellery
 h - a +5 ring of evasion (left hand)
 r - a ring of protection from fire
 E - a ring of see invisible (right hand)
 I - a ring of magical power
 Q - an amulet of the acrobat (around neck)
Wands
 F - a wand of roots (7)
 J - a wand of paralysis (10)
 N - a wand of mindburst (4)
Scrolls
 f - 2 scrolls of enchant armour {unknown}
 k - 3 scrolls of poison {unknown}
 l - 2 scrolls of butterflies {unknown}
 n - 2 scrolls of blinking {unknown}
 o - a scroll of torment {unknown}
 p - 4 scrolls of immolation {unknown}
 s - 4 scrolls of teleportation {unknown}
 t - 3 scrolls of enchant weapon {unknown}
 u - 4 scrolls of noise {unknown}
 x - 3 scrolls of fear {unknown}
 y - 8 scrolls of identify {unknown}
 H - a scroll of silence {unknown}
 K - 2 scrolls of fog {unknown}
 M - 2 scrolls of amnesia {unknown}
Potions
 b - 3 potions of magic
 d - 5 potions of degeneration {unknown}
 e - 5 potions of flight {unknown}
 i - 2 potions of attraction {unknown}
 j - a potion of heal wounds
 q - 6 potions of curing {unknown}
 z - a potion of mutation {unknown}
 A - a potion of haste {unknown}
 B - a potion of invisibility {unknown}
 C - 2 potions of brilliance {unknown}
 D - 5 potions of lignification {unknown}
 P - 2 potions of ambrosia {unknown}
 R - a potion of berserk rage {unknown}


   Skills:
 + Level 9.2 Fighting
 - Level 8.0 Armour
 - Level 1.7 Dodging
 - Level 1.7 Stealth
 - Level 6.4 Spellcasting
 - Level 5.4 Conjurations
 - Level 0.8 Transmutations
 - Level 6.3 Earth Magic


You had 17 spell levels left.
You knew the following spells:

 Your Spells              Type           Power      Damage    Failure   Level
a - Sandblast             Erth           78%        2d17      1%          1
b - Stone Arrow           Conj/Erth      74%        3d11      2%          3

Your spell library contained the following spells:

 Spells                   Type           Power      Damage    Failure   Level
 Kiss of Death            Conj/Necr      84%        2d11      3%          1
 Passwall                 Tmut/Erth      21%        N/A       3%          2
 Sting                    Tmut/Pois      40%        1d5       8%          1
 Lesser Beckoning         Tloc           16%        N/A       13%         2
 Poisonous Vapours        Pois/Air       16%        N/A       13%         2
 Scorch                   Fire           16%        2d6       13%         2
 Lee's Rapid Deconstruct  Erth           19%        3d11*     19%         5
 Petrify                  Tmut/Erth      26%        N/A       21%         4
 Confusing Touch          Hex            8%         N/A       26%         3
 Gell's Gravitas          Tloc           8%         N/A       26%         3
 Teleport Other           Tloc           8%         N/A       26%         3
 Volatile Blastmotes      Fire/Tloc      16%        2d11      26%         3
 Flame Wave               Conj/Fire      21%        2d8       28%         4
 Fulminant Prism          Conj/Hex       10%        3d8       28%         4
 Iskenderun's Mystic Bla  Conj/Tloc      21%        2d6       28%         4
 Dispel Undead            Necr           8%         3d8       65%         4
 Olgreb's Toxic Radiance  Pois           8%         N/A       65%         4
 Dispersal                Tloc           4%         N/A       100%        6
 Summon Cactus Giant      Summ           4%         N/A       100%        6


Dungeon Overview and Level Annotations

Branches:
Dungeon (10/15)            Temple (0/1) D:5            Lair (0/5) D:8
Ossuary (visited)
    Orc: D:9-12

Shops:
D:5 :

Annotations:
D:4 3 runed translucent doors, croobank's ghost, amateur OpMo
D:10 2 transporters, Gorgoleon's ghost, novice SpHu; Lodul


Innate Abilities, Weirdness & Mutations

You have an increased reservoir of magic. (+10% MP)
You shall have no god before yourself.
Your divine heritage dramatically boosts your attributes as you level up.


Message History

The orc priest closely misses you.
You closely miss the orc priest.
The orc priest is moderately wounded.
The orc priest hits you with a +1 flail of draining.
You partially resist.
You feel drained.
The orc priest mumbles some strange prayers to Beogh against you.
Beogh smites you! The orc priest barely misses you.
The orc priest looks braver for a moment.
You are too injured to fight recklessly!
You are too injured to fight recklessly!
You are too injured to fight recklessly!
You are too injured to fight recklessly!
You hit the orc priest but do no damage.
The orc priest is moderately wounded.
The orc priest looks braver for a moment.
You barely miss the orc priest.
The orc priest is moderately wounded.
The orc priest hits you but does no damage.
You partially resist.
The orc priest hits you but does no damage.
You partially resist.
You sock the orc priest! You freeze the orc priest.
You kill the orc priest!
The orc priest barely misses you.
You hit the orc priest. You freeze the orc priest.
The orc priest is heavily wounded.
The orc priest closely misses you.
The orc priest hits you with a +0 flail.
You barely miss the orc priest.
The orc priest is heavily wounded.
The orc priest misses you.
The orc priest mumbles some strange prayers to Beogh against you.
Beogh smites you!
* * * LOW HITPOINT WARNING * * *
The orc priest calls down the wrath of Beogh upon you.
Beogh smites you!
* * * LOW HITPOINT WARNING * * *
The orc priest mumbles some strange prayers to Beogh against you.
Beogh smites you!
You die...

.#. #.##.....##.....#y#.#.#.#.#.
...# #.##.....###..#.#Wy# ..#.y#.
....##.#####.## #...©#yy# #.#yy#©
.....#.## #.####.##.#yy# .#yy#.
#....## #......##.#y#.# #.#.#.
.....#...###########.##W..#:..##.
### #.#..#.......##.##y#.###.##.
#.##......##o##.##Wy.#.y.##.
##+#.####.##)o@.##.###y# #y###.
##....o..#)#####.##..#########..
.....o....#o# #..#...###.###..#
###o......#o#####..............##
#..o.h@.#.....#.............##
#..o....#o....####..........#
#..!....#.....# #..........#
#.......'...=.# #..........#
#.......##.......#..........#


You could see 2 orc priests.

Vanquished Creatures
  Erolcha (D:10)
  A two-headed ogre (D:7)
  Psyche (D:10)
  A troll (D:8)
  A hornet (D:9)
  A spriggan (D:9)
  18 yaks
  Eustachio (D:5)
  Menkaure (D:6)
  A water moccasin (D:6)
  4 ice beasts
  An orc warrior (D:10)
  4 black bears
  3 ogres
  2 centaurs (D:7)
  2 wolves (D:8)
  3 kobold brigands
  2 bullfrogs (D:7)
  11 scorpions
  2 gnoll sergeants
  3 wights (D:7)
  4 electric eels (D:8)
  2 howler monkeys
  6 hounds
  2 centaur zombies (Ossuary)
  5 orc priests
  4 jellies
  A sleepcap (D:6)
  A human zombie (Ossuary)
  Jessica (D:2)
  5 scorpion zombies (Ossuary)
  6 iguanas
  An orc wizard (D:6)
  3 mummies (Ossuary)
  11 gnolls
  4 adders
  A worm (D:4)
  5 dart slugs
  34 orcs
  4 ball pythons
  4 bats
  14 endoplasms
  4 giant cockroaches
  A gnoll zombie (Ossuary)
  6 goblins
  10 hobgoblins
  23 kobolds
  4 quokkas
  3 frilled lizards
  A goblin zombie (Ossuary)
  5 hobgoblin zombies (Ossuary)
  A kobold zombie (Ossuary)
  An orc zombie (Ossuary)
  6 rats
247 creatures vanquished.

Notes
Turn   | Place    | Note
-------+----------+-------------------------------------------
     0 | D:1      | spardeous the Demigod Earth Elementalist began the quest
                  | for the Orb.
     0 | D:1      | Reached XP level 1. HP: 14/14 MP: 5/5
   396 | D:1      | Reached XP level 2. HP: 20/20 MP: 4/7
  1251 | D:2      | Reached XP level 3. HP: 26/26 MP: 6/8
  1337 | D:2      | Noticed Jessica
  1346 | D:2      | Killed Jessica
  1395 | D:2      | Identified the +9 mace "Toblaeb" {freeze, rPois rN+ Dex-5}
  1500 | D:2      | Reached XP level 4. HP: 33/33 MP: 9/9
  1900 | D:3      | Reached skill level 5 in Earth Magic
  2180 | D:3      | Reached XP level 5. HP: 38/38 MP: 10/10
  2552 | D:4      | Noticed a +0 dagger
  2552 | D:4      | Noticed a +0 dagger
  2588 | D:4      | Identified the +5 dagger "Beast's Peril" {venom, Str+2
                  | Int+3 SInv Stlth-}
  2601 | D:4      | Found a runed translucent gate.
  2601 | D:4      | Found a runed translucent gate.
  2601 | D:4      | Found a runed translucent gate.
  2604 | D:4      | Noticed croobank's ghost (amateur OpMo)
  2636 | D:4      | Noticed a black bear
  2659 | D:4      | Killed a black bear
  2722 | D:4      | Reached skill level 1 in Fighting
  2722 | D:4      | Reached XP level 6. HP: 31/47 MP: 11/11
  3472 | D:5      | Entered Level 5 of the Dungeon
  3563 | D:5      | Reached skill level 2 in Fighting
  3610 | D:5      | Found a sand-covered staircase.
  3615 | Ossuary  | Entered an ossuary
  3669 | Ossuary  | Reached skill level 3 in Fighting
  3716 | Ossuary  | Reached skill level 4 in Fighting
  3716 | Ossuary  | Reached XP level 7. HP: 37/59 MP: 10/12
  3890 | Ossuary  | Reached skill level 5 in Fighting
  4058 | Ossuary  | Reached skill level 6 in Fighting
  4315 | D:5      | Found Pozicw's Book Shoppe.
  4332 | D:5      | Found a staircase to the Ecumenical Temple.
  4347 | D:5      | Reached XP level 8. HP: 68/71 MP: 8/14
  4502 | D:5      | Noticed Eustachio
  4516 | D:5      | Killed Eustachio
  5282 | D:6      | Identified the +2 ring mail of Waimmedd {rElec Str-4 SInv}
  5307 | D:6      | Reached skill level 5 in Spellcasting
  5460 | D:6      | Noticed Menkaure
  5465 | D:6      | Killed Menkaure
  5688 | D:6      | Reached skill level 1 in Armour
  5688 | D:6      | Reached XP level 9. HP: 69/78 MP: 22/22
  5841 | D:6      | Learned a level 3 spell: Stone Arrow
  6078 | D:7      | Noticed a two-headed ogre
  6084 | D:7      | Killed a two-headed ogre
  6085 | D:7      | Reached skill level 5 in Armour
  7520 | D:8      | Found a staircase to the Lair.
  7558 | D:8      | Reached XP level 10. HP: 74/84 MP: 11/23
  7656 | D:8      | Reached skill level 1 in Conjurations
  8647 | D:9      | Reached skill level 5 in Conjurations
  9049 | D:9      | Reached skill level 7 in Fighting
  9162 | D:9      | Reached skill level 8 in Fighting
  9787 | D:10     | Entered Level 10 of the Dungeon
  9787 | D:10     | Noticed Erolcha
  9794 | D:10     | Killed Erolcha
 10061 | D:10     | Noticed Lodul
 10178 | D:10     | Found a transporter.
 10180 | D:10     | Found a transporter.
 10185 | D:10     | Noticed Gorgoleon's ghost (novice SpHu)
 10319 | D:10     | Noticed Psyche
 10417 | D:10     | Reached skill level 9 in Fighting
 10418 | D:10     | Killed Psyche
 10438 | D:10     | Killed from afar by an orc priest

Illustrated notes

Levels and vault maps discovered:
D:1:      ebering_trefoil_twist, layout_loops_ring
D:2:      layout_loops_ring, hellmonk_ecumenical_altar_prayer_group,
          uniq_jessica
D:3:      layout_loops_cross, xom_teletrap_fun, lemuel_doored_altar
D:4:      layout_basic, mainiacjoe_overflow_alcove_2, dancing_weapons_uskayaw,
          bloody_trog, ebering_ghost_rock_garden
D:5:      layout_gridville, kennysheep_slug_shrine,
          mainiacjoe_overflow_tiny_flanked, marbit_many_paths,
          minmay_temple_entry_glass, serial_shops, nicolae_shop_peninsula,
          nicolae_ossuary_entry_plus, uniq_eustachio
D:6:      layout_rooms, uniq_menkaure
D:7:      layout_loops_ring, chequers_mini_garden
D:8:      layout_loops_ring, mainiacjoe_overflow_six_doors_small,
          erik_lair_island
D:9:      layout_loops_cross, chequers_serial_rivers_large_b, the_hattery
D:10:     layout_basic, overflow_temple_1_default, vehumet_crystals,
          mainiacjoe_overflow_brackets, gammafunk_ghost_hive, eino_jars,
          uniq_erolcha, uniq_lodul, uniq_psyche

Skill      XL: |  1  2  3  4  5  6  7  8  9 10 |
---------------+-------------------------------+-----
Earth Magic    | 3 4 5 6 |  6.3
Fighting       | 1 4 6 9 |  9.2
Spellcasting   | 2 6 |  6.4
Armour         | 1 8 |  8.0
Conjurations   | 5 |  5.4
Dodging        | |  1.7
Stealth        | |  1.7
Transmutations | |  0.8

Action                     |  1- 3 |  4- 6 |  7- 9 | 10-12 || total
---------------------------+-------+-------+-------+-------++-------
  Melee: Mace              |     8 |   126 |   280 |    79 ||   493
         Punch             |       |     3 |     3 |     2 ||     8
         Unarmed           |       |       |       |     2 ||     2
   Cast: Sandblast         |    52 |     7 |    57 |    14 ||   130
         Stone Arrow       |       |       |    20 |    52 ||    72
    Use: Potion            |       |       |       |     5 ||     5
   Stab: Sleeping          |       |     4 |     1 |       ||     5
 Armour: Leather armour    |    20 |    32 |   104 |    26 ||   182
         Robe              |     1 |       |       |       ||     1
         Skin              |       |       |       |     4 ||     4
  Dodge: Dodged            |    34 |   102 |   410 |   149 ||   695
